 Dungeon Crawl Stone Soup version 0.20-a0-1009-gc986637 (webtiles) character file.

1380 relicbr the Spear-Bearer (level 8, -3/62 HPs)
             Began as a Minotaur Gladiator on Apr 15, 2017.
             Was a Follower of Okawaru.
             Shot with an arrow by a centaur (6 damage)
             ... on level 6 of the Dungeon.
             The game lasted 00:10:37 (4765 turns).

relicbr the Spear-Bearer (Minotaur Gladiator)       Turns: 4765, Time: 00:10:37

Health: -3/62      AC:  8    Str: 20    XL:     8   Next: 39%
Magic:  7/7        EV: 12    Int:  5    God:    Okawaru [*.....]
Gold:   206        SH:  0    Dex: 13    Spells: 7/7 levels left

rFire    . . .     SeeInvis .   H - +4 halberd
rCold    + . .     Gourm    .   (shield currently unavailable)
rNeg     . . .     Faith    .   h - +0 ring mail
rPois    .         Spirit   .   c - +0 hat
rElec    .         Reflect  .   u - +1 cloak {+Inv}
rCorr    .         Harm     .   k - +0 pair of gloves
MR       .....     Rnd*Tele +   (no boots)
Stlth    +.........             (no amulet)
Regen    0.2/turn               j - ring of teleportation (curse)
MPRegen  0.1/turn               s - ring of protection from cold

@: no status effects
A: retaliatory headbutt, horns 2
a: Heroism, Renounce Religion, Evoke Invisibility


You were on level 6 of the Dungeon.
You worshipped Okawaru.
Okawaru was aware of your devotion.
You were not hungry.

You visited 2 branches of the dungeon, and saw 7 of its levels.

You collected 206 gold pieces.

Inventory:

Hand Weapons
 a - a +0 trident
 E - a +0 glaive
 H - a +4 halberd (weapon)
Missiles
 I - a throwing net (quivered)
Armour
 c - a +0 hat (worn)
 h - a +0 ring mail (worn)
 k - a +0 pair of gloves (worn)
 u - a +1 cloak of invisibility (worn)
Jewellery
 j - a cursed ring of teleportation (left hand)
 s - a ring of protection from cold (right hand)
 t - an uncursed ring of wizardry
Wands
 n - a wand of digging (9/24)
 o - a wand of flame (27/48)
 x - a wand of disintegration (10/24)
 F - a wand of confusion (26/48)
Scrolls
 b - 2 scrolls of fog
 g - a scroll of magic mapping
 l - a scroll of blinking
 z - 3 scrolls of teleportation
 D - a scroll of amnesia {unknown}
 G - a scroll of identify
 J - a scroll of remove curse {unknown}
Potions
 e - a potion of haste {unknown}
 m - a potion of brilliance {unknown}
 q - 4 potions of curing {unknown}
 v - 2 potions of degeneration {unknown}
 w - a potion of ambrosia {unknown}
 A - a potion of heal wounds {unknown}
 B - a potion of resistance {unknown}
 C - a potion of agility {unknown}
Books
 y - a book of Flames

   Spells                             Type                      Level
   a - Flame Tongue                   Conjuration/Fire             1
   b - Throw Flame                    Conjuration/Fire             2
   c - Conjure Flame                  Conjuration/Fire             3
   d - Inner Flame                    Hexes/Fire                   3
   e - Sticky Flame                   Conjuration/Fire             4
   f - Fireball                       Conjuration/Fire             5
Comestibles
 d - 7 chunks of flesh
 f - 5 bread rations
 i - 4 fruits
 p - a meat ration
 r - 2 royal jellies


   Skills:
 - Level 2.4 Fighting
 * Level 12.5 Polearms
 - Level 2.0 Throwing
 - Level 3.2 Dodging


You had 7 spell levels left.
You didn't know any spells.

Dungeon Overview and Level Annotations

Branches:
Dungeon (6/15)             Temple (1/1) D:5

Altars:
Cheibriados
Dithmenos
Elyvilon
Fedhas
Gozag
Hepliaklqana
Kikubaaqudgha
Makhleb
Nemelex Xobeh
Okawaru
Qazlal
Ru
Sif Muna
Trog
Uskayaw
Vehumet
Wu Jian
Xom
Zin
The Shining One

Shops:
D:6 %


Innate Abilities, Weirdness & Mutations

You reflexively headbutt those who attack you in melee.
You have a pair of horns on your head.


Message History

* * * LOW HITPOINT WARNING * * *
You slice the dart slug!!
You kill the dart slug!
Okawaru accepts your kill.
You see here a dart slug corpse.
You butcher the dart slug corpse.
d - 7 chunks of flesh (gained 2)
A centaur comes into view.
The centaur shouts!
The centaur wields a shortbow.
The centaur shoots an arrow.
The arrow hits you!
* * * LOW HITPOINT WARNING * * *
You see here an arrow.
A centaur is nearby!
The centaur shoots an arrow.
The arrow hits you.
* * * LOW HITPOINT WARNING * * *
The centaur shoots an arrow.
The arrow hits you.
* * * LOW HITPOINT WARNING * * *
You see here 2 arrows.
The centaur shoots an arrow.
The arrow hits you.
You die...

# #...# #.#.###
#...###.#.. #....##.#
#.#.....#####
#....†........
#....#..####.# #
#.............
#.#.........c#.#
#......@(......#
####..###.##.###
#####....#.##..#
#.......w......#
#.........##;≈.≈
#........#.≈≈#≈≈≈≈w## ##
#........;≈≈≈≈≈≈≈≈≈≈##..#
######'#≈≈≈;≈≈≈≈≈≈#≈≈#..
##.≈≈≈≈#g≈≈≈≈#≈≈.#


You could see a centaur.

Vanquished Creatures
  A phantom (D:6)
  3 ogres
  Blork the orc (D:5)
  2 bullfrogs
  A water moccasin zombie (D:6)
  2 scorpions (D:4)
  5 orc priests
  3 hounds
  An orc wizard (D:3)
  Crazy Yiuf (D:2)
  2 centaur skeletons (D:4)
  4 worker ants
  4 adders
  11 gnolls
  A shadow imp (D:5)
  2 worms (D:2)
  6 dart slugs
  5 leopard geckos
  11 orcs
  4 giant cockroaches
  4 goblins
  5 hobgoblins
  8 jackals (D:4)
  3 quokkas
  4 bats
  5 frilled lizards
  2 jackal zombies (D:5)
  8 kobolds
  8 rats
117 creatures vanquished.

Notes
Turn   | Place    | Note
-------+----------+-------------------------------------------
     0 | D:1      | relicbr the Minotaur Gladiator began the quest for the Orb.
     0 | D:1      | Reached XP level 1. HP: 18/18 MP: 0/0
   202 | D:1      | Reached skill level 4 in Polearms
   341 | D:1      | Reached XP level 2. HP: 23/25 MP: 1/1
   460 | D:2      | Reached skill level 5 in Polearms
   638 | D:2      | Reached XP level 3. HP: 30/30 MP: 2/2
   796 | D:2      | Found a runed door.
   800 | D:2      | Noticed Crazy Yiuf
   804 | D:2      | Killed Crazy Yiuf
  1051 | D:2      | Reached skill level 6 in Polearms
  1051 | D:2      | Reached XP level 4. HP: 37/37 MP: 0/3
  1104 | D:2      | Reached skill level 7 in Polearms
  1104 | D:2      | Reached XP level 5. HP: 38/42 MP: 4/4
  2142 | D:4      | Reached skill level 8 in Polearms
  2195 | D:4      | Reached XP level 6. HP: 45/50 MP: 5/5
  2574 | D:4      | Reached skill level 9 in Polearms
  2736 | D:4      | Reached XP level 7. HP: 34/56 MP: 6/6
  2747 | D:5      | Entered Level 5 of the Dungeon
  3034 | D:4      | Reached skill level 10 in Polearms
  3183 | D:4      | Found a burning altar of Makhleb.
  3183 | D:4      | Found a radiant altar of Vehumet.
  3189 | D:4      | Found a sparkling altar of Nemelex Xobeh.
  3191 | D:4      | Found an ancient bone altar of Kikubaaqudgha.
  3192 | D:4      | Found a stormy altar of Qazlal.
  3401 | D:5      | Found a hide-covered altar of Uskayaw.
  3523 | D:5      | Noticed Blork the orc
  3531 | D:5      | Killed Blork the orc
  3641 | D:5      | Found a staircase to the Ecumenical Temple.
  3656 | Temple   | Entered the Ecumenical Temple
  3714 | Temple   | Became a worshipper of Warmaster Okawaru
  3919 | D:5      | Reached skill level 11 in Polearms
  4409 | D:5      | Reached XP level 8. HP: 38/62 MP: 7/7
  4582 | D:6      | Found Gauq's Food Shoppe.
  4694 | D:6      | Reached skill level 12 in Polearms
  4718 | D:6      | Reached * piety under Okawaru
  4764 | D:6      | HP: 3/62 [centaur/arrow (5)]
  4765 | D:6      | Shot with an arrow by a centaur

Vault maps used:
D:1:      minmay_arrival_open_corners
D:2:      uniq_crazy_yiuf_cottage
D:3:      kennysheep_another_room
D:4:      chequers_temple_overflow_minitemple
D:5:      lemuel_crystal_altar, minmay_temple_entry_large_hall, first_bread,
          uniq_blork_the_orc
D:6:      kennysheep_slugbush, serial_shops, kennysheep_mini_moat, shop, shop
Temple:   eino_temple_water

Skill      XL: |  1  2  3  4  5  6  7  8 |
---------------+-------------------------+-----
Polearms       | 4 5 6 7 8 9 11 12 | 12.5
Fighting       | |  2.4
Throwing       | |  2.0
Dodging        | |  3.2

Action                   |  1- 3 |  4- 6 |  7- 9 || total
-------------------------+-------+-------+-------++-------
Melee: Trident           |    61 |   164 |    96 ||   321
       Headbutt          |     5 |    24 |    16 ||    45
       Halberd           |       |       |    21 ||    21
Throw: Throwing net      |     1 |       |     3 ||     4
 Abil: Evoke Invisibilit |     1 |       |       ||     1
  Use: Scroll            |       |     8 |       ||     8
 Stab: Invisible         |     2 |     2 |       ||     4
       Held in net/web   |       |       |     2 ||     2
  Eat: Chunk             |       |     6 |     6 ||    12
       Fruit             |       |       |     1 ||     1
Armor: Ring mail         |     8 |    35 |    21 ||    64
Dodge: Dodged            |    25 |    74 |    50 ||   149
